 Dungeon Crawl Stone Soup version 0.29.0-7-g18a832c13a (webtiles) character file.

Game seed: 17228920343784901480

124 Bartlander the Chopper (level 5, -1/45 HPs)
             Began as a Hill Orc Fighter on Sept 1, 2022.
             Was an Initiate of Beogh.
             Slain by an iguana (6 damage)
             ... on level 4 of the Dungeon.
             The game lasted 00:11:32 (3432 turns).

Bartlander the Chopper (Hill Orc Fighter)           Turns: 3432, Time: 00:11:32

Health: -1/45      AC:  8    Str: 21    XL:     5   Next: 8%
Magic:  0/5        EV:  9    Int:  8    God:    Beogh [......]
Gold:   163        SH:  4    Dex: 10    Spells: 4/4 levels left

rFire   . . .      SeeInvis .   a - +0 war axe
rCold   . . .      Faith    .   c - +0 buckler
rNeg    . . .      Spirit   +   p - +0 scale mail
rPois   .          Reflect  .   d - +0 helmet
rElec   .          Harm     .   (no cloak)
rCorr   .          Rampage  .   (no gloves)
Will    .....                   (no boots)
Stlth   ..........              s - amulet of guardian spirit
HPRegen 0.15/turn               (no ring)
MPRegen 0.09/turn               (no ring)

@: no status effects
A: no striking features
a: Renounce Religion


You were on level 4 of the Dungeon.
You worshipped Beogh.
Beogh was noncommittal.
You visited 1 branch of the dungeon, and saw 4 of its levels.

You collected 163 gold pieces.

Inventory:

Hand Weapons
 a - a +0 war axe (weapon)
 b - a +0 sling
Missiles
 f - a throwing net
 m - 17 poisoned darts (quivered)
Armour
 c - a +0 buckler (worn)
 d - a +0 helmet (worn)
 p - a +0 scale mail (worn)
Jewellery
 e - an amulet of magic regeneration
 s - an amulet of guardian spirit (around neck)
 u - a ring of wizardry
Scrolls
 g - 3 scrolls of enchant weapon {unknown}
 j - 2 scrolls of teleportation {unknown}
 l - a scroll of poison {unknown}
 o - 2 scrolls of identify
 q - a scroll of magic mapping {unknown}
 t - a scroll of brand weapon {unknown}
 x - a scroll of blinking {unknown}
Potions
 h - 2 potions of magic
 i - a potion of ambrosia
 k - a potion of heal wounds {unknown}
 n - a potion of brilliance {unknown}
 r - 2 potions of degeneration {unknown}
 v - a potion of curing {unknown}
 w - a potion of lignification {unknown}


   Skills:
 - Level 3.6 Fighting
 + Level 6.8 Axes
 - Level 3.2 Armour
 - Level 3.2 Shields


You had 4 spell levels left.
You didn't know any spells.
Your spell library contained the following spells:

 Spells                   Type           Power      Damage    Failure   Level
 Ozocubu's Armour         Ice            0%         N/A       99%         3
 Portal Projectile        Hex/Tloc       0%         N/A       99%         3
 Tukima's Dance           Hex            0%         N/A       99%         3
 Blade Hands              Tmut           0%         N/A       100%        5
 Metabolic Englaciation   Hex/Ice        0%         N/A       100%        5
 Simulacrum               Ice/Necr       0%         N/A       100%        6


Dungeon Overview and Level Annotations

Branches:
Dungeon (4/15)
 Temple: D:4-7

Altars:
Xom

Annotations:
D:2 1 runed translucent door, Crazy Yiuf
D:3 Sigmund


Message History

You hit the iguana.
The iguana is severely wounded.
The iguana closely misses you. The iguana bites you!
You barely miss the iguana.
The iguana is severely wounded.
The iguana bites you.
You hit the iguana but do no damage.
The iguana is severely wounded.
The iguana closely misses you.
You hit the iguana but do no damage.
The iguana is severely wounded.
You block the iguana's attack.
You barely miss the iguana.
The iguana is severely wounded.
The iguana bites you but does no damage.
You barely miss the iguana.
The iguana is severely wounded.
The iguana bites you. You block the iguana's attack.
You hit the iguana.
The iguana is severely wounded.
You block the iguana's attack.
You hit the iguana.
The iguana is almost dead.
The iguana bites you!
You hit the iguana but do no damage.
The iguana is almost dead.
The iguana bites you!
* * * LOW HITPOINT WARNING * * *
You barely miss the iguana.
The iguana is almost dead.
The iguana barely misses you.
You closely miss the iguana.
The iguana is almost dead.
The iguana bites you!
* * * LOW HITPOINT WARNING * * *
The iguana bites you but does no damage.
You hit the iguana but do no damage.
The iguana is almost dead.
The iguana bites you!
You die...

#...................
######.............. ..
######..............
...
#......................
###...............##.##
#.....................
#.#..................
..###............l#
...##...........@.#
....#.............#
..#...##.......#..#
....#.##.......#.##
#.#.#.#.)).....#.#
#.#.#.#).......#.#
#.#<#..)..o....#.#
#.#...#...o....#.#
......#......o..>#


You could see an iguana and 2 neutral orcs.

Vanquished Creatures
  A hound (D:4)
  An orc wizard (D:4)
  2 adders
  An ufetubus (D:4)
  3 worms
  A dart slug (D:3)
  2 orcs
  4 bats
  3 endoplasms
  2 giant cockroaches (D:3)
  9 goblins
  A hobgoblin (D:3)
  2 quokkas
  3 ball pythons
  3 frilled lizards
  8 kobolds
  3 rats
49 creatures vanquished.

Vanquished Creatures (others)
  An orc priest (D:4)
  2 orcs (D:4)
  7 toadstools (D:3)
10 creatures vanquished.

Grand Total: 59 creatures vanquished

Notes
Turn   | Place    | Note
-------+----------+-------------------------------------------
     0 | D:1      | Bartlander the Hill Orc Fighter began the quest for the
                  | Orb.
     0 | D:1      | Reached XP level 1. HP: 19/19 MP: 1/1
   172 | D:1      | Reached skill level 3 in Axes
   419 | D:1      | Found a faded altar of an unknown god.
   784 | D:2      | Reached XP level 2. HP: 18/26 MP: 2/2
   901 | D:2      | Reached skill level 4 in Axes
   996 | D:2      | Reached XP level 3. HP: 28/31 MP: 3/3
  1589 | D:2      | Found a runed translucent door.
  1590 | D:2      | Noticed Crazy Yiuf
  1997 | D:3      | Found a shimmering altar of Xom.
  2030 | D:3      | Reached skill level 5 in Axes
  2067 | D:3      | Noticed Sigmund
  2702 | D:3      | Reached XP level 4. HP: 37/39 MP: 4/4
  3157 | D:4      | Reached skill level 6 in Axes
  3380 | D:4      | Became a worshipper of Beogh the Brigand
  3400 | D:4      | Reached XP level 5. HP: 45/45 MP: 5/5
  3432 | D:4      | Slain by an iguana

Illustrated notes

Levels and vault maps discovered:
D:1:      amcnicky_arrival_choice, layout_basic,
          ebering_ecumenical_altar_sacrificial, serial_curves, eino_curves_02,
          eino_curves_02, roderic_roman_lattice, grunt_decor_arrowhead
D:2:      layout_loops_cross, uniq_crazy_yiuf_cottage
D:3:      cheibrodos_fertilizer, layout_rooms, xom_teletrap_fun, uniq_sigmund
D:4:      cheibrodos_helix_gallery, layout_basic,
          minmay_overflow_temple_star_hex, overflow_temple_1_default,
          chequers_garden, chequers_serial_rivers_marsh, grunt_ministairs_10

Skill      XL: |  1  2  3  4 |
---------------+-------------+-----
Axes           | 3 4 5 6 |  6.8
Fighting       | |  3.6
Armour         | |  3.2
Shields        | |  3.2

Action                   |  1- 3 |  4- 6 || total
-------------------------+-------+-------++-------
Melee: War axe           |   100 |    46 ||   146
 Fire: Sling             |     3 |       ||     3
Invok: Convert to Beogh  |       |     1 ||     1
  Use: Scroll            |     2 |       ||     2
       Potion            |       |     1 ||     1
Armor: Scale mail        |    49 |    21 ||    70
Dodge: Dodged            |    42 |    20 ||    62
Block: Buckler           |    17 |    10 ||    27
